AoeStats
← 老魔打帝国

Hideout

509828823Analyzed
1v1 RM · 2d ago on Sep 28, 2026· 48m 21s· 2 players
Game mode
Random Map
Map size
Tiny (2 player)
Population
200
Speed
Normal
Resources
Standard
Victory
Conquest
Starting age
Dark Age
Ending age
Imperial Age
RankedLock teamsTeams togetherTeam positionsShared explorationLock speedFull tech treeHidden civsTurbo modeCheats
Victory
Defeat
🇪🇸 Vikings · Spain
1149
+17
🇨🇳 Spanish · China
1164
-17
Romanido
0:53 Loom
9:42 Feudal Age
10:18 Double-Bit Axe
14:59 Padded Archer Armor
19:57 Castle Age
18:06 Horse Collar
19:38 Fletching
20:36 Gold Mining
20:56 Elite Skirmisher
21:45 Crossbowman
23:52 Bodkin Arrow
24:35 Town Watch
27:11 Ballistics
26:44 Pikeman
27:25 Scale Mail Armor
30:10 Leather Archer Armor
30:12 Chain Mail Armor
31:31 Town Patrol
34:52 Imperial Age
33:05 Stone Mining
33:27 Bow Saw
34:18 Heavy Plow
35:26 Arbalester
36:07 Bracer
38:20 Chemistry
40:53 Forging
40:50 Squires
44:32 Conscription
45:35 Elite Varangian Guard
46:54 Plate Mail Armor
46:56 Ring Archer Armor
47:02 Iron Casting
46:41 Fortified Wall
老魔打帝国
7:24 Loom
9:36 Feudal Age
11:05 Double-Bit Axe
13:55 Fletching
23:00 Castle Age
21:45 Stone Mining
24:01 Castle Age
21:56 Horse Collar
22:30 Bloodlines
23:33 Scale Barding Armor
24:45 Husbandry
31:32 Chain Barding Armor
36:24 Imperial Age
35:17 Gold Mining
36:52 Cavalier
44:22 Conscription
44:42 Plate Barding Armor
43:32 Light Cavalry
45:40 Bow Saw
46:56 Onager
Connection lost

Rejoining the realm…

Still unreachable

The connection could not be restored.

Session expired

The server has moved on; the page needs a fresh start.